 Dungeon Crawl Stone Soup version 0.30-a0-1094-g860fb061e7 (webtiles) character file.

Game seed: 6773487298425442509

649369 Arzdou the Minotaur Barricade (level 27, -5/273 HPs)
             Began as a Minotaur Berserker on Apr 15, 2023.
             Was a High Priest of Trog.
             Slain by a death cob (6 damage)
             ... on level 4 of the Realm of Zot on Apr 17, 2023.
             The game lasted 03:53:30 (64730 turns).

Arzdou the Minotaur Barricade (Minotaur Berserker) Turns: 64730, Time: 03:53:31

Health: -5/273     AC: 39    Str: 39    XL:     27
Magic:  0/19       EV: 13    Int:  6    God:    Trog [*****.]
Gold:   2461       SH: 35    Dex: 17    Spells: 26/26 levels left

rFire   + + +      SeeInvis +    D - +16 lance "Wyrmbane" {slay drac, rPois rF+ rC+ AC+3}
rCold   + . .      Faith    .    x - +5 kite shield of Waovaph {Dex+3}
rNeg    + + +      Spirit   +    n - +2 gold dragon scales
rPois   +          Reflect  .    (helmet unavailable)
rElec   .          Rampage  .    e - scarf "Nutee" {+Inv, Regen+ Str+5 SInv Stlth-}
rCorr   +                        z - +1 pair of gloves
Will    +++++                    d - +3 pair of boots of Vaciwn {Drain rPois rC- rN+++} Stlth
                                 s - brooch of Shielding {Spirit SH+8}
HPRegen 1.45/turn                u - ring "Beuma" {rF+ rN++ Will++ Str+3}
MPRegen 0.16/turn                L - ring of Oschor {Will++ rCorr Dex+3}

@: slowed, studying 4 skills, very slow
A: horns 3, retaliatory headbutt, large bone plates 1, clumsy 1, low MP 1,
subdued magic 1
}: 3/15 runes: serpentine, barnacled, abyssal
a: Renounce Religion, Evoke Invisibility, Berserk, Trog's Hand, Brothers in Arms


You were on level 4 of the Realm of Zot.
You worshipped Trog.
Trog was extremely pleased with you.
You visited 12 branches of the dungeon, and saw 50 of its levels.
You visited the Abyss 1 time.
You visited 1 bazaar.
You also visited: Ossuary, Gauntlet and Volcano.

You collected 7310 gold pieces.
You spent 4849 gold pieces at shops.

Inventory:

Hand Weapons
 a - the +4 broad axe of the Morning {heavy, rF+ rC+}
   (Trog gifted it to you on level 4 of the Shoals)

   rF:        It protects you from fire.
   rC:        It protects you from cold.
 b - a +3 hand crossbow of draining
 D - the +16 lance "Wyrmbane" (weapon) {slay drac, rPois rF+ rC+ AC+3}
   (You found it on level 3 of the Crypt)

   AC:        It affects your AC (+3).
   rF:        It protects you from fire.
   rC:        It protects you from cold.
   rPois:     It protects you from poison.
 V - a +5 executioner's axe of flaming
Missiles
 m - 8 throwing nets (quivered)
Armour
 d - the +3 pair of boots of Vaciwn (worn) {Drain rPois rC- rN+++}
   (You acquired it on level 1 of the Elven Halls)

   rC:        It makes you vulnerable to cold.
   rPois:     It protects you from poison.
   rN:        It renders you almost immune to negative energy.
   Drain:     It drains your maximum health when unequipped.
 e - the scarf "Nutee" (worn) {+Inv, Regen+ Str+5 SInv Stlth-}
   (You acquired it on level 5 of the Dungeon)

   Str:       It affects your strength (+5).
   SInv:      It lets you see invisible.
   Regen:     It increases your rate of health regeneration.
   Stlth:     It makes you less stealthy.
 n - +2 gold dragon scales (worn)
 x - the +5 kite shield of Waovaph (worn) {Dex+3}
   (You bought it in a shop on level 6 of the Dungeon)

   Dex:       It affects your dexterity (+3).
 z - a +1 pair of gloves (worn)
 R - a +2 pair of boots of rampaging
 W - a +7 crystal plate armour
 Z - +0 storm dragon scales
Jewellery
 s - the brooch of Shielding (around neck) {Spirit SH+8}
   (You bought it in a shop on level 13 of the Dungeon)

   [amulet of guardian spirit]

   It causes incoming damage to be divided between your reserves of health and
   magic.
   SH:        It affects your SH (+8).
 u - the ring "Beuma" (left hand) {rF+ rN++ Will++ Str+3}
   (You bought it in a shop on level 13 of the Dungeon)

   [ring of protection from fire]

   Str:       It affects your strength (+3).
   rF:        It protects you from fire.
   rN:        It greatly protects you from negative energy.
   Will:      It greatly increases your willpower.
 L - the ring of Oschor (right hand) {Will++ rCorr Dex+3}
   (You found it on level 1 of the Shoals)

   [ring of resist corrosion]

   Dex:       It affects your dexterity (+3).
   rCorr:     It protects you from acid and corrosion.
   Will:      It greatly increases your willpower.
 Y - a ring of protection from cold
Wands
 t - a wand of light (9)
 y - a wand of iceblast (56)
 B - a wand of paralysis (19)
 K - a wand of mindburst (7)
 P - a wand of digging (11)
 U - a wand of polymorph (25)
 X - a wand of flame (68)
Scrolls
 c - 11 scrolls of teleportation
 f - 8 scrolls of fear
 r - 2 scrolls of summoning
 A - 11 scrolls of fog
 H - 5 scrolls of torment
 M - 7 scrolls of magic mapping
 N - a scroll of enchant weapon
 Q - 11 scrolls of poison
 T - 9 scrolls of immolation
Potions
 g - 6 potions of cancellation
 h - 8 potions of ambrosia
 i - 26 potions of curing
 j - 3 potions of invisibility
 k - 11 potions of lignification
 l - 12 potions of attraction
 o - 7 potions of haste
 p - 2 potions of berserk rage
 C - 7 potions of flight
 F - 13 potions of mutation
 G - 3 potions of heal wounds
 I - 10 potions of magic
 J - 5 potions of might
 S - 5 potions of resistance
Miscellaneous
 q - a phial of floods
 v - a tin of tremorstones (2/2)
 O - a phantom mirror


   Skills:
 O Level 27 Fighting
 O Level 27 Axes
 * Level 11.9(21.0) Polearms
 * Level 20.1 Ranged Weapons
 + Level 25.8 Armour
 + Level 8.0 Dodging
 + Level 4.0 Stealth
 O Level 27 Shields
 + Level 14.0 Evocations


You had 26 spell levels left.
You didn't know any spells.
Your spell library was empty.

Dungeon Overview and Level Annotations

Branches:
Dungeon (15/15)            Temple (1/1) D:7            Lair (5/5) D:8
 Shoals (4/4) Lair:2        Snake (4/4) Lair:3        Slime (0/5) Lair:5
    Orc (2/2) D:10            Elf (3/3) Orc:2        Vaults (4/5) D:13
  Crypt (3/3) Vaults:2       Tomb (0/3) Crypt:3      Depths (4/4) D:15
   Hell (visited)             Zot (4/5) Depths:4    Ossuary (visited)
Volcano (visited)         Gauntlet (visited)
    Dis: Hell:1         Geh: Hell:1         Coc: Hell:1         Tar: Hell:1

Altars:
Ashenzari
Cheibriados
Dithmenos
Elyvilon
Fedhas
Gozag
Hepliaklqana
Kikubaaqudgha
Makhleb
Nemelex Xobeh
Okawaru
Qazlal
Ru
Sif Muna
Trog
Uskayaw
Vehumet
Wu Jian
Xom
Yredelemnul
Zin
The Shining One

Shops:
D:3 [   D:6 [   D:7 [   D:13 =   Orc:2 ?(!=   Elf:1 **   Snake:2 (   Vaults:1 *
Vaults:2 =   Vaults:4 (   Depths:3 [

Portals:
Hell: Depths:1 Depths:2 Depths:3 Depths:4
Abyss: Depths:3 Depths:4
Pandemonium: Orc:2 Depths:2
Ziggurat: Depths:2

Annotations:
Shoals:1 5 transporters
Depths:1 3 runed translucent doors, Abbitaf's ghost, adept DrWr
Hell Geryon
Zot:3 2 transporters


Innate Abilities, Weirdness & Mutations

You have a pair of large horns on your head.
You reflexively headbutt those who attack you in melee.
You are partially covered in large bone plates. (SH +4)
You are clumsy. (Dex -2)
Your magical capacity is low. (-10% MP)
Your spells are a little easier to cast, but a little less powerful.


Message History

The black draconian knight breathes lightning at you.
The bolt of lightning hits you!!!
* * * LOW HITPOINT WARNING * * *
The death cob barely misses you. You furiously retaliate!
You headbutt the death cob.
The black draconian knight points at you and mumbles some strange words.
The shard of ice hits you!! You partially resist.
* * * LOW HITPOINT WARNING * * *
You block the death cob's attack.
You feel much better. You block the death cob's attack. x2
The black draconian knight breathes lightning at you.
The bolt of lightning hits you!
* * * LOW HITPOINT WARNING * * *
The death cob hits you but does no damage. x2
The black draconian knight attacks as you move away!
You block the black draconian knight's attack.
You block the death cob's attack. The death cob hits you.
* * * LOW HITPOINT WARNING * * *
The death cob drains your vigour!
You feel as though you will be slow longer.
The black draconian knight gestures at you while chanting.
The bolt of cold hits you! You resist.
* * * LOW HITPOINT WARNING * * *
You block the death cob's attack.
There is an escape hatch in the ceiling here.
You feel much better. You block the death cob's attack.
The black draconian knight breathes lightning at you.
The bolt of lightning misses you. You block the death cob's attack.
The black draconian knight breathes lightning at you.
The bolt of lightning hits you!!!
* * * LOW HITPOINT WARNING * * *
The bolt of lightning hits you.
* * * LOW HITPOINT WARNING * * *
The bolt of lightning hits the black draconian knight.
The black draconian knight completely resists.
You block the red draconian's attack.
The black draconian knight hits you with a +0 long sword of flaming!
* * * LOW HITPOINT WARNING * * *
The death cob hits you.
You die...

#..............#..#......#
#.°............'..#......#
##).............####......#
..........................#
.....☼######........[.....#
..d...#....'.d......#######
...q..y....#y..dd...#
.....)#))..#####zq..#
......#.)..##..#@q..#
......#..)..#..#....#
.y....#.....#..'....#
......#....##..#....#
......#....##..###.......
......#.....#....#.......
#.....'....#........
#.....#....#......=.
#.....#....#....####


You could see 2 draconians, a purple draconian, a red draconian and a death cob.

Vanquished Creatures
  2 dread liches
  3 ancient liches
  Sojobo (Crypt:1)
  Saint Roka (Vaults:1)
  2 caustic shrikes (Depths:2)
  A curse toe (Depths:4)
  5 golden dragons
  Nikola (Elf:2)
  2 profane servitors
  6 bone dragons
  2 hellephants
  2 doom hounds (Zot:3)
  An electric golem (Zot:3)
  Rupert (D:15)
  9 tentacled monstrosities
  A Hell Sentinel (Abyss:3)
  Jorgrun (D:15)
  7 liches
  Grunn (Zot:3)
  2 deep elf master archers (Elf:3)
  9 quicksilver dragons
  A titan (Depths:3)
  7 death cobs
  3 deep elf blademasters
  2 sphinxes
  2 ancient champions (Crypt:1)
  9 tentacled starspawn
  Gastronok (D:10)
  2 Executioners (Abyss:4)
  2 shadow dragons
  2 tengu reavers (Crypt:1)
  9 draconian monks
  8 storm dragons
  Roxanne (Elf:1)
  Donald (Crypt:1)
  4 fire giants
  Ilsuiw (Shoals:3)
  A daeva (Abyss:4)
  4 nagarajas (Snake:4)
  A draconian knight (Depths:4)
  3 revenants
  9 frost giants
  Louise (Depths:4)
  An iron dragon (Depths:4)
  9 deep elf sorcerers
  Aizul (Shoals:4)
  3 draconian scorchers
  A caustic shrike zombie (Crypt:3)
  A draconian shifter (Zot:1)
  3 draconian stormcallers
  6 vault wardens
  A cacodemon (Abyss:1)
  A juggernaut zombie (Crypt:3)
  2 curse skulls
  3 ghouls
  A ghost moth (Zot:1)
  6 ironbound thunderhulks
  17 ironbound preservers
  4 deep elf elementalists (Elf:3)
  5 draconian annihilators
  5 reapers
  An orc warlord (Vaults:1)
  An ophan (Abyss:4)
  5 elemental wellsprings (Shoals:3)
  7 vampire knights
  A rockslime zombie (Crypt:1)
  11 deep elf demonologists
  12 black draconians
  10 green draconians
  Nessos (D:12)
  6 spark wasps
  7 deep elf annihilators
  44 very ugly things
  10 white draconians
  8 yellow draconians
  A spectral titan (Crypt:3)
  11 stone giants
  11 purple draconians
  A minotaur (Gauntlet)
  Azrael (D:15)
  10 dire elephants
  Snorg (D:13)
  6 deep elf death magi
  A green death (Abyss:3)
  15 red draconians
  5 eidola
  A crystal guardian (Vaults:3)
  8 jiangshi
  6 merfolk javelineers
  4 deep elf high priests
  4 fire dragons
  5 ettins
  Josephine (D:12)
  A blizzard demon (Abyss:2)
  7 merfolk impalers
  A quicksilver dragon zombie (Crypt:3)
  3 entropy weavers
  7 yaktaur captains
  6 great orbs of eyes
  5 rakshasas
  4 salamander tyrants
  A caustic shrike simulacrum (Crypt:3)
  5 catoblepae
  3 quicksilver dragon skeletons (Crypt:1)
  7 vault guards
  3 peacekeepers
  12 ice dragons
  3 hydras
  3 death knights
  2 alligator snapping turtles
  A spriggan air mage (Depths:1)
  A fenstrider witch skeleton (Crypt:1)
  3 ogre magi
  A spriggan skeleton (Crypt:1)
  10 centaur warriors
  8 ironbound frosthearts
  32 dancing weapons
  5 merfolk aquamancers (Shoals:4)
  10 anacondas
  16 naga warriors
  2 demonspawn (Orc:2)
  18 two-headed ogres
  2 satyrs (Shoals:3)
  2 boulder beetles
  9 deep troll shamans
  11 death yaks
  2 hell hogs
  A titan zombie (Crypt:3)
  6 vampire magi
  6 tengu warriors
  A spectral dire elephant (Crypt:3)
  22 thrashing horrors
  11 deep troll earth magi
  13 naga sharpshooters
  6 orc high priests (Orc:2)
  4 shock serpents
  3 spriggans
  7 hell knights
  3 soul eaters
  17 deep elf knights
  3 spriggan berserkers
  3 sun demons
  5 skysharks
  2 emperor scorpion zombies (Crypt:1)
  10 shadow wraiths
  9 iron trolls
  4 sixfirhies
  18 wretched stars
  Lodul (D:13)
  A bunyip zombie (Crypt:3)
  6 salamander mystics
  17 skeletal warriors
  A spriggan druid (Depths:2)
  11 flayed ghosts
  4 glowing orange brains
  12 sea snakes
  3 death drakes
  6 spatial maelstroms
  An anaconda zombie (Abyss:2)
  Pikel (D:8)
  A bunyip skeleton (Crypt:1)
  11 wizards
  An obsidian statue (Depths:4)
  A spriggan simulacrum (Crypt:3)
  7 naga ritualists
  9 lindwurms
  82 deep trolls
  27 harpies
  An anaconda skeleton (Crypt:1)
  A sphinx zombie (Vaults:2)
  7 orc knights
  10 ironbound convokers
  15 deep elf zephyrmancers
  7 deep elf archers
  27 phantasmal warriors
  A wolf spider (Depths:2)
  26 deep elf pyromancers
  A tengu zombie (Vaults:2)
  10 necromancers
  4 orc sorcerers
  14 mana vipers
  An oklob plant (Lair:3)
  32 ugly things
  17 fauns
  7 manticores
  A naga zombie (Abyss:4)
  8 cyclopes
  10 guardian serpents
  23 salamanders
  A dire elephant zombie (Crypt:3)
  A cyclops (shapeshifter) (D:15)
  5 worldbinders
  10 merfolk sirens
  A centaur zombie (D:15)
  14 naga magi
  26 moths of wrath
  A rust devil (Abyss:2)
  16 smoke demons
  A frost giant skeleton (Vaults:2)
  5 water nymphs
  A demonic crawler (Depths:4)
  An apocalypse crab (Abyss:3)
  11 vault sentinels
  16 elephants
  2 dire elephant skeletons
  48 black mambas
  10 cane toads
  6 unseen horrors
  2 centaur skeletons
  6 orange demons
  A gargoyle (D:14)
  Psyche (D:12)
  A kobold demonologist (D:10)
  A redback zombie (Crypt:3)
  5 rime drakes
  A torpor snail (Gauntlet)
  5 tormentors
  22 yaktaurs
  4 efreet
  15 freezing wraiths
  11 komodo dragons
  3 ice devils
  A yaktaur (shapeshifter) (D:13)
  8 ancient zymes
  A spectral naga (Crypt:3)
  A tengu conjurer (Depths:2)
  A guardian mummy (Crypt:3)
  A harpy zombie (Crypt:1)
  A spectral harpy (Crypt:3)
  2 trolls
  A death drake zombie (Crypt:3)
  6 polar bears
  21 merfolk
  A meliai (shapeshifter) (Abyss:3)
  A silent spectre (Abyss:1)
  17 blink frogs
  A radroach zombie (Crypt:1)
  3 hellwings
  30 raiju
  4 hornets
  38 large abominations
  3 dream sheep
  2 ettin zombies
  11 snapping turtles
  7 wind drakes
  2 hydra skeletons
  A fire dragon zombie (Crypt:1)
  A blink frog (shapeshifter) (D:15)
  A meliai zombie (Crypt:2)
  6 fire dragon skeletons (Crypt:1)
  17 slime creatures
  Sigmund (D:2)
  8 air elementals
  14 flying skulls
  A centaur simulacrum (D:15)
  7 wyverns
  2 naga simulacra (Crypt:1)
  30 water elementals
  15 shadows
  A slime creature zombie (Crypt:3)
  43 yaks
  17 ynoxinuls
  A yak (shapeshifter) (D:14)
  A basilisk (Lair:2)
  2 hogs (D:15)
  17 wraiths
  4 fire elementals
  8 neqoxecs
  6 fire bats (Volcano)
  A golden eye (Abyss:2)
  75 starcursed masses
  A steam dragon (D:9)
  A human (shapeshifter) (Abyss:4)
  9 vampire mosquitoes
  A wind drake skeleton (Crypt:2)
  5 chaos spawn
  A redback (Vaults:4)
  2 wargs (Orc:1)
  An acid dragon (D:12)
  44 nagas
  A fire bat skeleton (Crypt:2)
  7 hell hounds
  10 water moccasins
  A deep troll skeleton (Crypt:1)
  4 spatial vortices (Abyss:4)
  A floating eye (shapeshifter) (Vaults:1)
  A water nymph skeleton (Crypt:2)
  An ettin simulacrum (Crypt:1)
  31 orc warriors
  An ice beast (D:6)
  2 black bears
  16 ogres
  23 wolves
  An elephant zombie (Lair:4)
  A swamp dragon zombie (Abyss:1)
  A boggart (Vaults:1)
  A black mamba simulacrum (Abyss:1)
  8 centaurs
  A phantom (D:7)
  2 komodo dragon zombies (Lair:4)
  2 kobold brigands
  3 lemures (D:8)
  10 bullfrogs
  Blork the orc (D:4)
  A human zombie (Vaults:2)
  A komodo dragon skeleton (Crypt:2)
  2 earth elementals (Elf:2)
  6 scorpions
  4 gnoll sergeants
  An elf skeleton (Crypt:3)
  A water moccasin skeleton (Crypt:1)
  9 wights
  43 small abominations
  17 killer bees
  A wyvern skeleton (Crypt:3)
  A troll zombie (Crypt:1)
  A shapeshifter skeleton (Crypt:1)
  4 howler monkeys
  5 electric eels
  10 lava snakes
  A crimson imp (Abyss:2)
  A quasit (Abyss:2)
  3 jellies
  23 orc priests
  2 iron imps (Abyss:1)
  17 orc wizards
  Terence (D:3)
  7 iguanas
  20 mummies
  17 gnolls
  7 adders
  A howler monkey skeleton (Crypt:1)
  A shadow imp (D:5)
  8 white imps
  10 ufetubi
  4 worms
  60 orcs
  7 bats
  A bat zombie (Crypt:2)
  5 endoplasms
  3 giant cockroaches
  2 gnoll zombies (Ossuary)
  15 goblins
  5 hobgoblins
  14 kobolds
  4 quokkas
  9 ball pythons
  A dart slug zombie (Crypt:3)
  2 frilled lizards
  A goblin zombie (D:7)
  4 hobgoblin zombies (Ossuary)
  2 orc zombies (Ossuary)
  A quokka zombie (D:7)
  A rat (D:1)
  A river rat skeleton (Crypt:3)
  A bush (Depths:2)
  2 lurking horrors
  13 starspawn tentacles
2483 creatures vanquished.

Vanquished Creatures (collateral kills)
  A tentacled monstrosity (Zot:1)
  A titan (Shoals:4)
  A draconian monk (Zot:1)
  A nagaraja (Snake:4)
  A fire giant (Depths:4)
  2 vault wardens
  A balrug (Abyss:1)
  An ironbound preserver (Vaults:3)
  A deep elf elementalist (Elf:3)
  An ironbound thunderhulk (Vaults:4)
  A green draconian (Abyss:4)
  A black draconian (Zot:1)
  A red draconian (Depths:4)
  4 dire elephants (Vaults:3)
  2 merfolk javelineers (Shoals:4)
  A deep elf death mage (Elf:3)
  A fire dragon (Depths:2)
  A hell beast (Depths:2)
  A rakshasa (Depths:2)
  A centaur warrior (Shoals:1)
  A demonspawn (Orc:2)
  A two-headed ogre (Vaults:4)
  A dancing weapon (Elf:2)
  A merfolk aquamancer (Shoals:4)
  A death yak (Lair:2)
  A naga warrior (Snake:4)
  A wretched star (Abyss:1)
  A shadow wraith (Abyss:1)
  A skyshark (Shoals:1)
  A spatial maelstrom (Abyss:4)
  A sixfirhy (Abyss:4)
  A deep troll (Vaults:4)
  2 sea snakes
  A spriggan druid (Depths:2)
  An ironbound convoker (Vaults:3)
  A lindwurm (Depths:2)
  An orc knight (Orc:2)
  A mana viper (Snake:4)
  A deep elf zephyrmancer (Elf:2)
  A worldbinder (Abyss:1)
  2 orc sorcerers (Orc:2)
  4 salamanders
  A merfolk siren (Shoals:1)
  A moth of wrath (Depths:2)
  A dire elephant zombie (Abyss:1)
  A black mamba (Snake:4)
  3 water nymphs
  An orange demon (Abyss:1)
  2 naga magi
  3 large abominations
  2 yaktaurs (Vaults:3)
  A tormentor (Abyss:4)
  A minotaur skeleton (Crypt:2)
  An ancient zyme (Abyss:1)
  A red devil (Orc:2)
  A merfolk (Shoals:1)
  A dream sheep (Shoals:2)
  An air elemental (Shoals:4)
  2 water elementals (Shoals:4)
  A neqoxec (Abyss:1)
  A chaos spawn (Abyss:4)
  4 spatial vortices (Abyss:4)
  3 nagas (Snake:2)
  An ice beast (shapeshifter) (Abyss:4)
  3 orc warriors (Orc:2)
  An ogre (Vaults:4)
  2 orc priests (Orc:2)
  3 starcursed masses (Abyss:4)
  An iron imp (Abyss:1)
  2 orcs (Orc:2)
98 creatures vanquished.

Vanquished Creatures (others)
  Kirke (D:15)
  A fire giant (Depths:3)
  A deep troll shaman (Depths:3)
  A large abomination (Abyss:1)
  A human (D:15)
  A golden eye (Abyss:2)
  A neqoxec (Abyss:4)
  An orc wizard (D:9)
  An adder (D:6)
  A gnoll skeleton (Crypt:2)
  29 fungi
  3 lurking horrors
  97 plants
  17 starspawn tentacles
  4 toadstools (D:7)
160 creatures vanquished.

Grand Total: 2741 creatures vanquished

Notes
Turn   | Place    | Note
-------+----------+-------------------------------------------
     0 | D:1      | Arzdou the Minotaur Berserker began the quest for the Orb.
     0 | D:1      | Reached XP level 1. HP: 19/19 MP: 0/0
   525 | D:1      | Reached XP level 2. HP: 27/27 MP: 1/1
  1012 | D:2      | Reached XP level 3. HP: 30/33 MP: 2/2
  1084 | D:2      | Noticed Sigmund
  1091 | D:2      | Killed Sigmund
  1091 | D:2      | Reached ** piety under Trog
  1092 | D:2      | Reached skill level 5 in Fighting
  1092 | D:2      | Reached skill level 5 in Axes
  1092 | D:2      | Reached XP level 4. HP: 42/42 MP: 3/3
  1092 | D:2      | Reached XP level 5. HP: 48/48 MP: 4/4
  1679 | D:3      | Reached XP level 6. HP: 25/56 MP: 5/5
  1988 | D:3      | Noticed Terence
  1994 | D:3      | Killed Terence
  2092 | D:3      | Found Cilimem's Armour Shop.
  3142 | D:4      | Reached XP level 7. HP: 60/63 MP: 6/6
  3143 | D:4      | Noticed Blork the orc
  3149 | D:4      | Killed Blork the orc
  3475 | D:4      | Reached *** piety under Trog
  3927 | D:5      | Entered Level 5 of the Dungeon
  3957 | D:5      | Identified a scroll of acquirement
  3957 | D:5      | Acquired the scarf "Nutee" {+Inv, Regen+ Str+5 SInv Stlth-}
  4061 | D:5      | Found a hide-covered altar of Uskayaw.
  4125 | D:5      | Reached skill level 1 in Stealth
  4403 | D:5      | Reached XP level 8. HP: 71/71 MP: 7/7
  4905 | D:6      | Acquired the +2 hat "Coryov" {rF+ Int+3}
  4930 | D:6      | Reached skill level 5 in Armour
  4960 | D:6      | Found Arreq's Antique Armour Emporium.
  4971 | D:6      | Bought a steaming kite shield for 209 gold pieces
  4971 | D:6      | Identified the +5 kite shield of Waovaph {Dex+3} (You
                  | bought it in a shop on level 6 of the Dungeon)
  5041 | D:6      | Reached skill level 10 in Axes
  5161 | D:6      | You fall into a shaft and drop 1 floor!
  5209 | D:7      | Found Effu's Armour Shoppe.
  5319 | D:6      | Reached skill level 1 in Shields
  5344 | D:7      | Reached XP level 9. HP: 59/78 MP: 6/8
  5454 | D:7      | Found a sand-covered staircase.
  5462 | Ossuary  | Entered an ossuary
  5469 | Ossuary  | Reached **** piety under Trog
  5773 | D:7      | Found a staircase to the Ecumenical Temple.
  5783 | Temple   | Entered the Ecumenical Temple
  6930 | D:8      | Noticed Pikel
  6951 | D:8      | Killed Pikel
  7229 | D:8      | Found an ornate altar of the Wu Jian Council.
  7276 | D:8      | Found a staircase to the Lair.
  7282 | Lair:1   | Entered Level 1 of the Lair of Beasts
  7330 | Lair:1   | Noticed a komodo dragon
  7337 | Lair:1   | Killed a komodo dragon
  7338 | Lair:1   | Reached XP level 10. HP: 88/88 MP: 9/9
  7437 | Lair:1   | Found a dark tunnel.
  7456 | Volcano  | Entered a volcano
  7523 | Volcano  | Reached skill level 5 in Shields
  7627 | Volcano  | Noticed a salamander
  7646 | Volcano  | Noticed a salamander
  7658 | Volcano  | Killed a salamander
  7659 | Volcano  | Noticed a red draconian
  7663 | Volcano  | Killed a salamander
  7663 | Volcano  | Noticed a salamander
  7664 | Volcano  | Noticed a salamander mystic
  7670 | Volcano  | Killed a red draconian
  7677 | Volcano  | Killed a salamander
  7681 | Volcano  | Killed a salamander mystic
  7743 | Volcano  | Found a burning altar of Makhleb.
  7751 | Volcano  | Reached XP level 11. HP: 92/95 MP: 10/10
  8200 | Lair:1   | Reached ***** piety under Trog
  9514 | D:10     | Entered Level 10 of the Dungeon
  9523 | D:10     | Noticed an orc knight
  9547 | D:9      | Killed an orc knight
  9548 | D:9      | Reached skill level 1 in Evocations
  9633 | D:9      | Reached skill level 10 in Armour
  9668 | D:10     | Found a staircase to the Orcish Mines.
  9739 | D:10     | Reached skill level 15 in Axes
  9923 | D:10     | Noticed Gastronok
  9931 | D:10     | Killed Gastronok
  9931 | D:10     | Identified the +7 broad axe of Crawling {heavy, *Slow Will+
                  | Str+3} (Trog gifted it to you on level 10 of the Dungeon)
  9931 | D:10     | Received a gift from Trog
 10015 | D:10     | Reached skill level 5 in Dodging
 10344 | D:8      | Upgraded the game from 0.30-a0-1082-g70414cbcbb to
                  | 0.30-a0-1085-g990a428a5c
 10541 | Lair:2   | Found a staircase to the Shoals.
 10558 | Lair:2   | Reached XP level 12. HP: 100/105 MP: 11/11
 10643 | Lair:2   | Noticed a death yak
 10663 | Lair:2   | Noticed a death yak
 10664 | Lair:2   | Noticed a death yak
 10665 | Lair:2   | Noticed a death yak
 10687 | Lair:2   | Killed a death yak
 10688 | Lair:2   | Killed a death yak
 10689 | Lair:2   | Killed a death yak
 10694 | Lair:2   | Killed a death yak
 10998 | Lair:2   | Found a transporter.
 11000 | Lair:2   | Found a transporter.
 11000 | Lair:2   | Noticed a boulder beetle
 11014 | Lair:2   | Killed a boulder beetle
 11380 | Lair:3   | Reached skill level 10 in Fighting
 11494 | Lair:3   | Found a staircase to the Snake Pit.
 11546 | Lair:3   | Found a snail-covered altar of Cheibriados.
 11861 | Lair:3   | You fall into a shaft and drop 2 floors!
 11861 | Lair:5   | Entered Level 5 of the Lair of Beasts
 11897 | Lair:4   | Reached XP level 13. HP: 105/113 MP: 12/12
 12245 | Lair:4   | Received a gift from Trog
 12275 | Lair:4   | Reached skill level 5 in Evocations
 12313 | Lair:4   | Reached skill level 10 in Shields
 12675 | Lair:4   | Identified the staff of fire "Afeergh" {rElec rF+ MP-9
                  | Str+4}
 13803 | Lair:5   | Identified the ring of Afuecib {AC+4 Dex+4}
 13945 | Lair:5   | Found a staircase to the Slime Pits.
 14374 | Lair:5   | Noticed a dire elephant
 14402 | Lair:5   | Reached XP level 14. HP: 124/124 MP: 13/13
 14479 | Lair:5   | Identified the +0 ring mail "Luesoat" {rElec}
 14888 | Orc:1    | Entered Level 1 of the Orcish Mines
 14960 | Orc:2    | Entered Level 2 of the Orcish Mines
 15522 | Orc:2    | Found a staircase to the Elven Halls.
 15684 | Orc:2    | Found Wook's Magic Scroll Shop.
 15686 | Orc:2    | Found Lit Qaf's Distillery.
 15895 | Orc:2    | Received a gift from Trog
 16026 | Orc:2    | Found Boeppudd's Jewellery Emporium.
 16026 | Orc:2    | Found Tijo Rui's Antique Weapon Shoppe.
 16026 | Orc:2    | Found a one-way gate leading to the halls of Pandemonium.
 16232 | Orc:2    | Bought a scroll of identify for 22 gold pieces
 16232 | Orc:2    | Bought a scroll of identify for 22 gold pieces
 16232 | Orc:2    | Bought a scroll of identify for 22 gold pieces
 16237 | Orc:2    | Bought a potion of heal wounds for 55 gold pieces
 16237 | Orc:2    | Bought a potion of heal wounds for 55 gold pieces
 16266 | Orc:2    | Bought a ring of poison resistance for 300 gold pieces
 16459 | Snake:1  | Entered Level 1 of the Snake Pit
 16520 | Snake:1  | You fall into a shaft and drop 1 floor!
 16642 | Snake:2  | Found Lirphudgh's Antique Weapon Boutique.
 16781 | Snake:1  | Reached XP level 15. HP: 114/135 MP: 14/14
 17372 | Snake:1  | Received a gift from Trog
 18801 | Snake:2  | Reached skill level 15 in Shields
 19214 | Snake:3  | Identified the +1 helmet "Sadghal Rarph" {+Blink Will+}
 20184 | Snake:4  | Entered Level 4 of the Snake Pit
 20271 | Snake:4  | Received a gift from Trog
 20362 | Snake:4  | Reached XP level 16. HP: 134/147 MP: 15/15
 20382 | Snake:4  | Reached ****** piety under Trog
 20707 | Snake:4  | Reached skill level 15 in Fighting
 21838 | Shoals:1 | Entered Level 1 of the Shoals
 21838 | Shoals:1 | Found a transporter.
 21840 | Shoals:1 | Found a transporter.
 21856 | Shoals:1 | Identified the +11 war axe of the Lesser Evil {heavy, SInv}
                  | (Trog gifted it to you on level 1 of the Shoals)
 21856 | Shoals:1 | Received a gift from Trog
 21958 | Shoals:1 | Found a transporter.
 22044 | Shoals:1 | Found a transporter.
 22274 | Shoals:1 | Found a transporter.
 22276 | Shoals:1 | Found a transporter.
 22293 | Shoals:1 | Identified the ring of Oschor {Will++ rCorr Dex+3}
 22311 | Shoals:1 | Acquired a manual of Dodging
 23177 | Shoals:2 | Received a gift from Trog
 23543 | Shoals:3 | Noticed Ilsuiw
 23792 | Shoals:3 | Reached XP level 17. HP: 161/161 MP: 16/16
 23991 | Shoals:3 | Killed Ilsuiw
 24458 | Shoals:4 | Entered Level 4 of the Shoals
 24496 | Shoals:4 | Identified the +4 broad axe of the Morning {heavy, rF+ rC+}
                  | (Trog gifted it to you on level 4 of the Shoals)
 24496 | Shoals:4 | Received a gift from Trog
 24680 | Shoals:4 | Noticed a titan
 24705 | Shoals:4 | Killed a titan
 24706 | Shoals:4 | Reached skill level 10 in Evocations
 24953 | Shoals:4 | Reached XP level 18. HP: 178/178 MP: 17/17
 24964 | Shoals:4 | Paralysed by an air elemental for 1 turns
 25035 | Shoals:4 | Noticed Aizul
 25036 | Shoals:4 | Found a hide-covered altar of Uskayaw.
 25052 | Shoals:4 | Killed Aizul
 25090 | Shoals:4 | Paralysed by an air elemental for 1 turns
 25136 | Shoals:4 | Paralysed by an air elemental for 1 turns
 25300 | Shoals:4 | Received a gift from Trog
 25302 | Shoals:4 | Got a barnacled rune of Zot
 25551 | Shoals:4 | Paralysed by an air elemental for 1 turns
 26600 | D:12     | Noticed Nessos
 26603 | D:12     | Killed Nessos
 26814 | D:12     | Found a gate leading to a gauntlet.
 26829 | Gauntlet | Entered a Gauntlet
 26829 | Gauntlet | Found a transporter.
 26832 | Gauntlet | Found a transporter.
 26848 | Gauntlet | Found a transporter.
 26852 | Gauntlet | Found a transporter.
 26866 | Gauntlet | Found a transporter.
 26886 | Gauntlet | Found a transporter.
 26899 | Gauntlet | Found a transporter.
 26916 | Gauntlet | Found a transporter.
 26920 | Gauntlet | Found a transporter.
 26928 | Gauntlet | Found a transporter.
 26948 | Gauntlet | Found a transporter.
 26952 | Gauntlet | Found a transporter.
 27105 | Gauntlet | Identified the -2 pair of boots "Aneinn" {-Cast rPois rF+}
 27188 | D:12     | Noticed Psyche
 27208 | D:12     | Killed Psyche
 27502 | D:12     | Noticed Josephine
 27507 | D:12     | Killed Josephine
 27556 | D:12     | Reached XP level 19. HP: 188/188 MP: 18/18
 28461 | D:13     | Noticed Lodul
 28510 | D:13     | Killed Lodul
 28639 | D:13     | Found a gate to the Vaults.
 28742 | D:13     | Found Merot's Jewellery Shop.
 28751 | D:13     | Noticed Snorg
 28759 | D:13     | Killed Snorg
 28759 | D:13     | Received a gift from Trog
 28784 | D:13     | Bought the brooch of Shielding {Spirit SH+8} for 1105 gold
                  | pieces
 28784 | D:13     | Found the brooch of Shielding {Spirit SH+8}
 28784 | D:13     | Bought the ring "Beuma" {rF+ rN++ Will++ Str+3} for 1067
                  | gold pieces
 28972 | D:14     | Found an opulent altar of Gozag.
 29059 | D:14     | Reached skill level 1 in Ranged Weapons
 29426 | D:14     | Identified the +1 sling "Xoesoyq" {heavy, MP+9}
 30276 | D:15     | Entered Level 15 of the Dungeon
 30281 | D:15     | Noticed Azrael
 30294 | D:15     | Killed Azrael
 30337 | D:15     | Noticed Jorgrun
 30348 | D:15     | Killed Jorgrun
 30439 | D:15     | Noticed Kirke
 30461 | D:15     | Killed Kirke
 30573 | D:15     | Reached skill level 15 in Armour
 30685 | D:15     | Received a gift from Trog
 30686 | D:15     | Found a staircase to the Depths.
 30799 | D:15     | Noticed Rupert
 30804 | D:15     | Killed Rupert
 31645 | Snake:4  | Identified the +1 hand axe of Dissent {heavy, rC+} (Trog
                  | gifted it to you on level 4 of the Snake Pit)
 31645 | Snake:4  | Received a gift from Trog
 31747 | Snake:4  | Got a serpentine rune of Zot
 32041 | Vaults:1 | Entered Level 1 of the Vaults
 32195 | Vaults:1 | Noticed Saint Roka
 32206 | Vaults:1 | Killed Saint Roka
 32552 | Vaults:1 | Reached skill level 5 in Ranged Weapons
 32553 | Vaults:1 | Reached XP level 20. HP: 200/200 MP: 19/19
 32646 | Vaults:1 | Found Talaemuw's General Store.
 32750 | Vaults:1 | Received a gift from Trog
 32971 | Vaults:1 | Identified the +7 long sword of Innocence {freeze, rPois
                  | Int+2}
 33000 | Vaults:1 | Acquired the +1 hat of Youthful Indiscretion {rElec Str-5
                  | Int+2 Slay+5}
 33403 | Vaults:2 | Found Huedia's Jewellery Shoppe.
 33757 | Vaults:2 | Found a staircase to the Crypt.
 33757 | Vaults:2 | Found a basalt altar of Yredelemnul.
 33758 | Vaults:2 | Found an ancient bone altar of Kikubaaqudgha.
 34467 | Vaults:3 | Received a gift from Trog
 35890 | Vaults:4 | Reached XP level 21. HP: 211/211 MP: 20/20
 36125 | Vaults:4 | Received a gift from Trog
 36332 | Vaults:4 | Found Guduv's Antique Weapon Emporium.
 36573 | Vaults:4 | Bought a hand crossbow for 161 gold pieces
 36632 | Vaults:4 | Received a gift from Trog
 36884 | Vaults:4 | Identified the +1 scimitar "Conservator" {antimagic, Int+4
                  | Dex+4}
 37333 | Elf:1    | Entered Level 1 of the Elven Halls
 37576 | Elf:1    | Noticed Roxanne
 37589 | Elf:1    | Killed Roxanne
 37766 | Elf:1    | Received a gift from Trog
 38017 | Elf:1    | Found Yducig's General Store.
 38033 | Elf:1    | Found Vyhaufy's Specific Store.
 38041 | Elf:1    | Bought a scroll of summoning for 142 gold pieces
 38043 | Elf:1    | Acquired the +3 pair of boots of Vaciwn {Drain rPois rC-
                  | rN+++}
 38044 | Elf:1    | Acquired a manual of Ranged Weapons
 38781 | Elf:2    | Found a runed translucent gate.
 38781 | Elf:2    | Found a runed translucent gate.
 38781 | Elf:2    | Found a runed translucent gate.
 39069 | Elf:2    | Noticed Nikola
 39297 | Elf:2    | Received a gift from Trog
 39553 | Elf:2    | Killed Nikola
 39554 | Elf:2    | Reached XP level 22. HP: 222/222 MP: 18/21
 39725 | Elf:3    | Entered Level 3 of the Elven Halls
 39798 | Elf:3    | Paralysed by an air elemental for 1 turns
 39968 | Elf:3    | Paralysed by an air elemental for 1 turns
 40149 | Elf:3    | Reached skill level 10 in Ranged Weapons
 40480 | Elf:3    | Received a gift from Trog
 40573 | Elf:3    | Lost intelligence.
 40578 | Elf:3    | Gained mutation: You are clumsy. (Dex -2) [a cacodemon]
 40580 | Elf:3    | Gained mutation: You are occasionally teleported next to
                  | monsters. [a neqoxec]
 44643 | Elf:3    | Paralysed by an air elemental for 1 turns
 44723 | Elf:3    | Gained mutation: You occasionally shout uncontrollably at
                  | your foes. [a cacodemon]
 45045 | Elf:3    | Identified the staff of cold "Xiffurel" {rPois rC+}
 45218 | Elf:3    | Identified the +9 arbalest of Infinity {flame, Str+2}
 45268 | Elf:3    | Lost mutation: You are occasionally teleported next to
                  | monsters. [potion of mutation]
 45268 | Elf:3    | Lost mutation: You occasionally shout uncontrollably at
                  | your foes. [potion of mutation]
 45268 | Elf:3    | Lost intelligence.
 45268 | Elf:3    | Gained mutation: You have a pair of large horns on your
                  | head. [potion of mutation]
 45268 | Elf:3    | Gained mutation: Your spells are a little easier to cast,
                  | but a little less powerful. [potion of mutation]
 45268 | Elf:3    | Gained mutation: Your magical capacity is low. (-10% MP)
                  | [potion of mutation]
 45268 | Elf:3    | Gained mutation: You are partially covered in large bone
                  | plates. (SH +4) [potion of mutation]
 45483 | Depths:1 | Entered Level 1 of the Depths
 45631 | Depths:1 | Found a runed translucent gate.
 45632 | Depths:1 | Found a runed translucent gate.
 45632 | Depths:1 | Found a runed translucent gate.
 45633 | Depths:1 | Noticed Abbitaf's ghost (adept DrWr)
 45716 | Depths:1 | Received a gift from Trog
 46377 | Depths:1 | Found a glowing silver altar of Zin.
 46911 | Depths:1 | Found a gateway to Hell.
 47027 | Depths:2 | Found a one-way gateway to a ziggurat.
 47213 | Depths:2 | Found a hide-covered altar of Uskayaw.
 47443 | Depths:2 | Identified the ring "Puipposud" {MP+9 Str+3 Stlth+}
 47625 | Depths:2 | Noticed a caustic shrike
 47625 | Depths:2 | Noticed a caustic shrike
 47631 | Depths:2 | Killed a caustic shrike
 47633 | Depths:2 | Killed a caustic shrike
 47653 | Depths:2 | Reached XP level 23. HP: 185/232 MP: 15/19
 47686 | Depths:2 | HP: 5/232 [catoblepas (18)]
 48307 | Depths:3 | Received a gift from Trog
 48326 | Depths:3 | Found Wimof's Armour Emporium.
 48357 | Depths:3 | Found a one-way gate to the infinite horrors of the Abyss.
 48459 | Depths:3 | Reached skill level 27 in Shields
 49101 | Depths:3 | Received a gift from Trog
 49437 | Hell     | Entered the Vestibule of Hell
 49437 | Hell     | Noticed Geryon
 49484 | Depths:4 | Entered Level 4 of the Depths
 49603 | Depths:4 | Found a gateway to a bazaar.
 49611 | Bazaar   | Entered a bazaar
 49611 | Bazaar   | Found Vowil's Antique Weapon Shoppe.
 49611 | Bazaar   | Found Ylabbomo's Assorted Antiques.
 49613 | Bazaar   | Found Ekocaant's Distillery.
 49623 | Bazaar   | Bought a potion of heal wounds for 60 gold pieces
 49623 | Bazaar   | Bought a potion of curing for 36 gold pieces
 49623 | Bazaar   | Bought a potion of heal wounds for 60 gold pieces
 49623 | Bazaar   | Bought a potion of curing for 36 gold pieces
 49629 | Bazaar   | Found Rirosoxi's Distillery.
 49633 | Bazaar   | Bought a scroll of magic mapping for 120 gold pieces
 49637 | Bazaar   | Bought a potion of curing for 51 gold pieces
 49637 | Bazaar   | Bought a potion of heal wounds for 85 gold pieces
 49637 | Bazaar   | Bought a potion of haste for 170 gold pieces
 49637 | Bazaar   | Bought a potion of experience for 850 gold pieces
 49637 | Bazaar   | Bought a potion of haste for 170 gold pieces
 49637 | Bazaar   | Bought a potion of curing for 51 gold pieces
 49637 | Bazaar   | Reached XP level 24. HP: 243/243 MP: 19/19
 51514 | Depths:4 | Noticed Louise
 51524 | Depths:4 | Killed Louise
 51795 | Depths:4 | Found a gate to the Realm of Zot.
 51888 | Depths:4 | Received a gift from Trog
 52209 | Depths:4 | Reached XP level 25. HP: 200/255 MP: 15/19
 52353 | Depths:4 | Identified the +10 sling "Xuqept" {freeze, rF- rC+ Str+5}
 52528 | Depths:4 | Upgraded the game from 0.30-a0-1085-g990a428a5c to
                  | 0.30-a0-1094-g860fb061e7
 52719 | Depths:4 | Voluntarily entered the Abyss.
 52866 | Abyss:1  | Found a corrupted altar of Lugonu.
 52899 | Abyss:1  | Found a corrupted altar of Lugonu.
 53114 | Abyss:1  | Lost intelligence.
 53148 | Abyss:1  | Identified the +1 hand axe of Foul Odours {flame, Will+++
                  | Str-4 Int-5 SInv} (Trog gifted it to you on level 1 of the
                  | Abyss)
 53148 | Abyss:1  | Received a gift from Trog
 53205 | Abyss:1  | Reached skill level 15 in Ranged Weapons
 53390 | Abyss:1  | Reached skill level 27 in Fighting
 53450 | Abyss:1  | Lost intelligence.
 53798 | Abyss:2  | Found a corrupted altar of Lugonu.
 53840 | Abyss:2  | Found a corrupted altar of Lugonu.
 53983 | Abyss:2  | Received a gift from Trog
 54029 | Abyss:2  | Paralysed by accursed screaming for 1 turns
 54180 | Abyss:2  | Noticed a dread lich
 54186 | Abyss:2  | Killed a dread lich
 54198 | Abyss:3  | Noticed an ancient lich
 54500 | Abyss:3  | Noticed an ancient lich
 54508 | Abyss:3  | Killed an ancient lich
 54629 | Abyss:3  | Received a gift from Trog
 54827 | Abyss:3  | Noticed an ancient lich
 54921 | Abyss:4  | Noticed an ancient lich
 54931 | Abyss:4  | Killed an ancient lich
 54931 | Abyss:4  | Noticed a dread lich
 54934 | Abyss:4  | Killed an ancient lich
 54935 | Abyss:4  | Reached XP level 26. HP: 266/266 MP: 18/19
 54939 | Abyss:4  | Killed a dread lich
 54993 | Abyss:4  | Lost intelligence.
 55035 | Abyss:4  | Paralysed by accursed screaming for 2 turns
 55039 | Abyss:4  | Paralysed by accursed screaming for 1 turns
 55041 | Abyss:4  | Received a gift from Trog
 55258 | Abyss:4  | Received a gift from Trog
 55272 | Abyss:4  | Reached skill level 27 in Axes
 55346 | Abyss:4  | Got an abyssal rune of Zot
 55369 | Depths:4 | Escaped the Abyss
 55980 | Crypt:1  | Entered Level 1 of the Crypt
 56739 | Crypt:1  | Noticed Donald
 56758 | Crypt:1  | Killed Donald
 57619 | Crypt:2  | Noticed Sojobo
 57630 | Crypt:2  | Paralysed by an air elemental for 1 turns
 57634 | Crypt:2  | Paralysed by an air elemental for 1 turns
 57637 | Crypt:2  | Paralysed by an air elemental for 1 turns
 57640 | Crypt:2  | Paralysed by an air elemental for 1 turns
 57888 | Crypt:1  | Killed Sojobo
 58081 | Crypt:2  | Received a gift from Trog
 58228 | Crypt:2  | Identified the +3 scale mail of Fyiwyluy {Str+3}
 58513 | Crypt:3  | Entered Level 3 of the Crypt
 58600 | Crypt:3  | Found the +8 lance "Wyrmbane" {slay drac, rPois rF+ rC+
                  | AC+3}
 58936 | Crypt:3  | Found a staircase to the Tomb.
 59195 | Crypt:3  | Reached XP level 27. HP: 273/273 MP: 19/19
 59209 | Crypt:3  | Received a gift from Trog
 59221 | Crypt:3  | Found an ancient bone altar of Kikubaaqudgha.
 60154 | Zot:1    | Entered Level 1 of the Realm of Zot
 60480 | Zot:1    | Reached skill level 1 in Polearms
 60806 | Zot:1    | You fall into a shaft and drop 1 floor!
 60834 | Zot:2    | Received a gift from Trog
 61246 | Zot:2    | Reached skill level 5 in Polearms
 63009 | Zot:3    | Noticed Grunn
 63119 | Zot:3    | Killed Grunn
 63194 | Zot:3    | Found a transporter.
 63400 | Zot:3    | Reached skill level 10 in Polearms
 63669 | Zot:3    | Received a gift from Trog
 64073 | Zot:3    | Found a transporter.
 64730 | Zot:4    | HP: 13/273 [black draconian knight/bolt of lightning (5)]
 64730 | Zot:4    | HP: 1/273 [black draconian knight/+0 long sword of
                  | flaming[a black draconian knight] (12)]
 64730 | Zot:4    | Slain by a death cob

Illustrated notes

Levels and vault maps discovered:
D:1:      heliophobic_arrival_dark_side_of_the_moon, layout_basic
D:2:      layout_rooms, uniq_sigmund
D:3:      layout_basic, serial_shops, shop, grunt_ministairs_14,
          minmay_ogre_servants, uniq_terence
D:4:      layout_cave_pools, minmay_manual_mess, uniq_blork_the_orc
D:5:      layout_basic, mainiacjoe_overflow_surrounded_room,
          minmay_increasing_density
D:6:      layout_cave_pools, serial_shops, nicolae_shop_window_shopping,
          uniq_crazy_yiuf_cottage
D:7:      layout_loops_ring, lemuel_temple_firewalk_b, enter_ossuary_4,
          serial_shops, nicolae_shop_advertising_works
          [nicolae_subvault_shop_adworks], corexii_leaking_fountain,
          grunt_ministairs_9, minmay_gold_behind_fungi,
          corexii_item_surrounded_by_moat
D:8:      layout_cave_pools, nzn_wu_jian_council_hall,
          grunt_lair_entry_orc_guard_hut, minivault_5, uniq_pikel
D:9:      layout_roguey
D:10:     layout_loops_ring, orc_david_3, uniq_gastronok
D:11:     layout_long_grid
D:12:     layout_grid_maze, gauntlet_entry_generic, nrook_loot_triangle,
          chequers_serial_rivers_small_3, uniq_psyche, uniq_josephine,
          uniq_nessos
D:13:     layout_rooms, david_vaults_2, serial_shops, shop, uniq_lodul,
          uniq_snorg
D:14:     layout_layer_cave, chequers_serial_rivers_marsh,
          chequers_serial_rivers_micro_e, kennysheep_cross_room,
          chequers_serial_rivers_micro_b,
          nicolae_gozag_cash_rules_everything_around_me
D:15:     grunt_enter_depths_magical_seal, layout_long_grid, uniq_rupert,
          uniq_jorgrun, uniq_kirke, uniq_azrael
Temple:   mainiacjoe_temple_cubbyholes
Lair:1:   layout_cellular_growth, enter_volcano_3,
          portal_ice_cave_demonic_guard, serial_bayou_shore_a,
          infiniplex_staircase_pool_2
Lair:2:   gammafunk_boulding_lane, layout_regular_city,
          elwin_shoals_entry_rocks, grunt_megastairs_4,
          infiniplex_staircase_pool
Lair:3:   layout_chaotic_city, guppyfry_snake_entry_garden, lemuel_oklob_altar,
          grunt_megastairs_3
Lair:4:   pond_and_an_island_with_a_cottage, layout_cave_pods,
          pdpol_lair_neglected_garden
Lair:5:   grunt_lair_end_beastmaster, layout_layer_cave,
          minmay_slime_entry_pillars, serial_bayou_shore_b, wad_woods_river_01
Shoals:1: layout_shoals, serial_nicolae_subway, nicolae_sub_station_crystal,
          nicolae_sub_station_metal, nicolae_sub_station_stone
Shoals:2: cheibrodos_shoals_roost, layout_shoals
Shoals:3: layout_shoals, nicolae_shoals_raging_river, uniq_ilsuiw
Shoals:4: shoals_end_hellmonk_storm_palace [storm_palace_center_ruins,
          storm_palace_corner_narrow, storm_palace_corner_altar,
          storm_palace_corner_pillars, storm_palace_corner_grid], uniq_aizul
Snake:1:  layout_chambers, nicolae_snake_salamander_stairs
Snake:2:  layout_onion_interference, serial_shops, shop
Snake:3:  layout_layer_cave
Snake:4:  johnstein_snake_rune_scales, layout_cave_town,
          nicolae_snake_gridmaze_spiral, st_stairs_5
Orc:1:    layout_diamond_mine
Orc:2:    pf_orc_diabolical, layout_diamond_mine
Elf:1:    nicolae_elf_arrival_fired_up, layout_gridlike,
          hangedman_elven_crosses_minicolossus, nicolae_specific_store,
          minivault_25_ag, uniq_roxanne
Elf:2:    nicolae_elf_blades_splatter_lattice [nicolae_blade_bullseye],
          layout_loops_cross, uniq_nikola
Elf:3:    grunt_elf_hall_branching, layout_gridlike, minivault_16,
          due_unseen_surprise
Vaults:1: nicolae_vaults_asterisk, nicolae_vaults_big_angled_halls,
          vaults_dpeg_emergency_exit, vaults_room_pool,
          ontoclasm_vaults_misaligned, nicolae_vaults_network_periphery,
          vaults_dpeg_diagonal, ontoclasm_vaults_shuriken, grunt_vaults_bifocal,
          nicolae_vaults_windows_and_doors_thing, vaults_standard_mumra_x,
          nicolae_vaults_hallways_thing, vaults_room_semicircle,
          nicolae_vaults_three_branches, layout_vaults_ring, serial_shops, shop,
          uniq_saint_roka
Vaults:2: nicolae_vaults_an_arrangement, nicolae_vaults_angled_halls,
          hangedman_vaults_hat, nicolae_vaults_asterisk, ontoclasm_vaults_eye,
          minmay_crypt_entry_necro_gods, vaults_room_pool,
          ontoclasm_vaults_hangar, vaults_dpeg_ring, layout_vaults_omnigrid,
          serial_shops, shop
Vaults:3: nicolae_vaults_what_the_h, nicolae_vaults_ninety_degrees,
          vaults_room_octagon, v_misc_10, nicolae_vaults_little_squares_1,
          nicolae_vaults_little_ls, v_misc_28, vaults_room_door_hall,
          layout_vaults_chaotic_city
Vaults:4: vaults_room_mumra_shop_pool, vaults_mumra_hexcomb,
          ontoclasm_vaults_tryst, nicolae_vaults_network_quincunx
          [nicolae_vaults_network_quincunx_subvault,
          nicolae_vaults_network_quincunx_subvault,
          nicolae_vaults_network_quincunx_subvault,
          nicolae_vaults_network_quincunx_subvault,
          nicolae_vaults_network_quincunx_subvault], v_misc_2,
          hangedman_vaults_corner, vaults_room_door_hall,
          nicolae_vaults_network_barrier, vaults_dpeg_encased_lava,
          nicolae_vaults_little_squares_5, nicolae_vaults_theta,
          layout_vaults_omnicross
Crypt:1:  cheibrodos_crypt_draghalla, layout_chaotic_city,
          lemuel_upstairs_altar, grunt_crypt_arrival_split, uniq_donald
Crypt:2:  layout_chaotic_city, uniq_sojobo
Crypt:3:  church_of_pain_bobbens, layout_chaotic_city,
          nicolae_tomb_entry_unfolded_pyramid_orthogonal
Depths:1: layout_gridlike, hellmouth_1, biasface_ghost_demon_polymorph,
          minmay_liquid_box, nicolae_lava_and_water, zin_statuary
Depths:2: hangedman_hanging_gardens, layout_basic, enter_ziggurat_a,
          rand_demon_pan_entry_7, nicolae_uskayaw_en_pointe, hell_entry
Depths:3: nzn_winding_woodlands_medium [nzn_winding_woodlands_5x5_closed_star,
          nzn_winding_woodlands_5x15_concentric,
          nzn_winding_woodlands_5x5_three, nzn_winding_woodlands_5x5_default,
          nzn_winding_woodlands_center_pierced_h,
          nzn_winding_woodlands_hourglass, nzn_winding_woodlands_5x5_perimeter,
          nzn_winding_woodlands_5x15_pockets,
          nzn_winding_woodlands_5x5_checkerboard], layout_gridville, hell_entry,
          hangedman_glass_teeth, serial_shops, shop_statue,
          minmay_room_of_horrors
Depths:4: lemuel_castle_with_subvaults [lemuel_castle_interior_carwin_2],
          layout_cave_shapes, serial_shops, statue_bzr,
          nicolae_abyss_entry_one_way_or_another, grunt_hell_entry_dis_grunt,
          serial_sigils_hangedman_gnaw, drop_trap, roderic_lattice_a,
          lemuel_statue_altar
Hell
Zot:1:    layout_cellular_growth
Zot:2:    layout_basic
Zot:3:    gammafunk_its_a_trap, layout_gridlike, hangedman_zot_decor_tridents,
          lemuel_flame_loot_1, lemuel_elevator, uniq_grunn
Zot:4:    layout_gridville, uniq_josephina

Skill      XL: |  1  2  3  4  5  6  7  8  9 10 11 12 13 14 15 16 17 18 19 20 21 22 23 24 25 26 27 |
---------------+----------------------------------------------------------------------------------+-----
Axes           | 4 5 7 8 10 12 14 15 17 19 20 21 22 23 26 27 | 27.0
Fighting       | 4 5 6 7 8 9 10 11 13 14 17 19 20 22 23 24 25 26 27 | 27.0
Armour         | 3 4 6 8 9 10 11 12 13 14 15 16 17 19 20 21 24 25 | 25.8
Dodging        | 3 4 5 6 7 8 |  8.0
Stealth        | 1 2 3 4 |  4.0
Shields        | 2 4 7 8 9 11 13 16 18 19 20 22 23 25 26 27 | 27.0
Evocations     | 2 4 6 7 8 9 10 11 12 13 14 | 14.0
Ranged Weapons | 5 7 9 12 13 14 17 19 20 | 20.1
Polearms       | 11 | 11.9

Action                     |  1- 3 |  4- 6 |  7- 9 | 10-12 | 13-15 | 16-18 | 19-21 | 22-24 | 25-27 || total
---------------------------+-------+-------+-------+-------+-------+-------+-------+-------+-------++-------
  Melee: Hand axe          |    47 |    93 |   270 |   209 |     3 |       |       |       |       ||   622
         Headbutt          |     8 |    14 |    46 |    88 |   128 |   146 |   270 |   219 |   496 ||  1415
         Punch             |       |       |     1 |       |       |       |       |       |       ||     1
         War axe           |       |       |       |    46 |       |       |       |       |       ||    46
         Broad axe         |       |       |       |   153 |   641 |   686 |  1064 |   756 |  1240 ||  4540
         Lance             |       |       |       |       |       |       |       |       |   492 ||   492
   Fire: Hand crossbow     |       |       |       |       |       |       |       |    22 |    33 ||    55
 Invoke: Berserk           |     1 |     4 |     8 |     7 |     9 |     6 |     2 |     6 |     8 ||    51
         Brothers in Arms  |       |       |       |     1 |     4 |     8 |     9 |     5 |    11 ||    38
         Trog's Hand       |       |       |       |     1 |     1 |     3 |     1 |     4 |     9 ||    19
Ability: Evoke Invisibilit |       |       |       |       |       |       |       |       |     1 ||     1
  Evoke: Wand              |       |       |       |       |       |       |       |     2 |       ||     2
    Use: Scroll            |       |       |    11 |     5 |    10 |     5 |     8 |    17 |     6 ||    62
         Potion            |       |       |       |       |     3 |     1 |     3 |    10 |     8 ||    25
   Stab: Distracted        |       |       |       |       |     1 |       |     2 |     1 |     2 ||     6
         Petrifying        |       |       |       |       |       |       |     1 |       |       ||     1
         Petrified         |       |       |       |       |       |       |     1 |       |       ||     1
         Invisible         |       |       |       |       |       |       |       |     1 |       ||     1
 Armour: Animal skin       |     3 |       |       |       |       |       |       |       |       ||     3
         Leather armour    |     6 |     7 |     1 |       |       |       |       |       |       ||    14
         Chain mail        |       |       |   102 |    97 |   159 |    14 |       |       |       ||   372
         Plate armour      |       |       |       |       |       |   226 |   265 |    39 |       ||   530
         Crystal plate arm |       |       |       |       |       |       |       |   360 |   256 ||   616
         Gold dragon scale |       |       |       |       |       |       |       |       |   243 ||   243
  Dodge: Dodged            |    29 |    48 |   119 |   120 |   245 |   326 |   227 |   219 |   305 ||  1638
  Block: Kite shield       |       |       |    97 |   276 |   627 |   759 |  1185 |  1223 |  2073 ||  6240
         Tower shield      |       |       |       |       |       |    38 |       |       |       ||    38

Table legend: (Time is in decaauts)
 A = Elapsed time spent in this place.
 B = Non-inter-level travel time spent in this place.
 C = Inter-level travel time spent in this place.
 D = Time resting spent in this place.
 E = Time spent auto-exploring this place.
 F = Levels seen in this place.
 G = Mean time per level.
                   A        B        C        D        E       F      G
               +--------+--------+--------+--------+--------+-----+--------+
         Total |  68046 |  59439 |   8607 |  10837 |  33883 |  58 | 1173.2 |
       Dungeon |  14797 |  12642 |   2155 |   1108 |   9498 |  15 |  986.5 |
        Temple |    495 |    295 |    200 |      0 |    293 |   1 |  495.0 |
          Lair |   6103 |   5092 |   1011 |    362 |   3779 |   5 | 1220.6 |
        Shoals |   4202 |   3772 |    430 |    317 |   2056 |   4 | 1050.5 |
     Snake Pit |   5670 |   5054 |    616 |    457 |   3202 |   4 | 1417.5 |
  Orcish Mines |   2035 |   1351 |    684 |    165 |    753 |   2 | 1017.5 |
   Elven Halls |  10315 |   9624 |    691 |   6419 |   1876 |   3 | 3438.3 |
        Vaults |   5677 |   4924 |    753 |    306 |   3605 |   4 | 1419.2 |
         Crypt |   3918 |   3648 |    270 |    514 |   1890 |   3 | 1306.0 |
        Depths |   7385 |   6059 |   1326 |    977 |   3414 |   4 | 1846.2 |
          Hell |      1 |      1 |      0 |      0 |      0 |   1 |    1.0 |
           Zot |   3453 |   2986 |    467 |     31 |   2190 |   4 |  863.2 |
         Abyss |   2829 |   2829 |      0 |     86 |   1087 |   4 |  707.2 |
        Bazaar |     36 |     36 |      0 |      0 |     28 |   1 |   36.0 |
       Ossuary |    179 |    179 |      0 |      0 |    110 |   1 |  179.0 |
       Volcano |    571 |    571 |      0 |     60 |     63 |   1 |  571.0 |
      Gauntlet |    370 |    370 |      0 |     31 |     34 |   1 |  370.0 |
               +--------+--------+--------+--------+--------+-----+--------+

Top non-repeatable levels by time:
   Elf:2: 7607 daAuts
Depths:4: 3151 daAuts
 Crypt:1: 1987 daAuts
     D:3: 1709 daAuts
 Snake:1: 1693 daAuts
   Orc:2: 1646 daAuts
 Snake:4: 1588 daAuts
Vaults:3: 1582 daAuts
    D:12: 1562 daAuts
  Lair:5: 1555 daAuts
    D:14: 1506 daAuts
Depths:1: 1496 daAuts
 Snake:3: 1482 daAuts
   Zot:3: 1479 daAuts
Vaults:2: 1427 daAuts
